 Dungeon Crawl Stone Soup version 0.31-a0-210-gccc998df9b (webtiles) character file.

Game seed: 182878632110794301

772 qw the Shooter (level 7, 0/43 HPs)
             Began as a Gargoyle Hexslinger on June 29, 2023.
             Slain by a gnoll
             ... wielding a +0 spear
             ... led by a gnoll bouda
              (2 damage)
             ... on level 5 of the Dungeon.
             The game lasted 00:01:46 (3776 turns).

qw the Shooter (Gargoyle Hexslinger)                Turns: 3776, Time: 00:01:47

Health: 0/43       AC: 17    Str: 12    XL:     7   Next: 83%
Magic:  8/8        EV: 11    Int: 13    God:
Gold:   296        SH:  0    Dex: 20    Spells: 7/8 levels left

rFire   . . .        Y - +2 sling
rCold   + . .        (no shield)
rNeg    + . .        d - +0 ring mail
rPois   inf          a - +1 helmet
rElec   +            e - +0 cloak
rCorr   .            f - +2 pair of gloves
SInv    .            (no boots)
Will    .....        (no amulet)
Stlth   +            l - ring of protection from cold
HPRegen 0.27/turn    c - +6 ring of dexterity
MPRegen 0.11/turn

%: no passive effects
@: no status effects
A: sickness immunity, AC +4, negative energy resistance 1, electricity
resistance, torment resistance 1, petrification resistance
a: no special abilities


You were on level 5 of the Dungeon.
You visited 1 branch of the dungeon, and saw 5 of its levels.

You collected 296 gold pieces.


Innate Abilities, Weirdness & Mutations

You are immune to sickness and miasma.
Your stone body is resilient. (AC +4)
You are immune to poison.
You resist negative energy. (rN+)
You are resistant to electric shocks. (rElec)
You are resistant to unholy torment.
You are immune to petrification.


   Skills:
 - Level 4.3 Fighting
 + Level 6.5 Ranged Weapons
 - Level 4.1 Armour
 - Level 1.5 Dodging
 - Level 1.0 Spellcasting
 - Level 2.6 Hexes


You had 7 spell levels left.
You knew the following spells:

 Your Spells              Type           Power      Damage    Failure   Level
a - Slow                  Hex            28%        N/A       21%         1

Your spell library contained the following spells:

 Spells                   Type           Power      Damage    Failure   Level
 Inner Flame              Hex/Fire       4%         N/A       71%         3
 Portal Projectile        Hex/Tloc       8%         N/A       71%         3
 Cause Fear               Hex            3%         N/A       89%         4

Inventory:

Hand Weapons
 Y - a +2 sling (weapon)
Armour
 a - a +1 helmet (worn)
 d - a +0 ring mail (worn)
 e - a +0 cloak (worn)
 f - a +2 pair of gloves (worn)
Jewellery
 c - a +6 ring of dexterity (right hand)
 h - a ring of ice
 j - a ring of protection from fire
 l - a ring of protection from cold (left hand)
Potions
 b - a potion of magic {unknown}
 g - a potion of resistance
 i - 2 potions of ambrosia {unknown}
 k - 3 potions of cancellation {unknown}
 m - a potion of curing {unknown}

Dungeon Overview and Level Annotations

Branches:
Dungeon (5/15)
 Temple: D:4-7

Altars:
Gozag
Hepliaklqana
Qazlal
Wu Jian

Annotations:
D:3 1 runed translucent door, 2 transporters, Crazy Yiuf; qw's ghost, amateur DEHu


Message History

The gnoll bouda is severely wounded.
Your attacks no longer feel as feeble.
The gnoll hits you but does no damage.
The gnoll bouda gazes fiercely through you!
You feel your attacks grow feeble.
The gnoll bouda hits you with a +0 whip.
The gnoll barely misses you.
You shoot a sling bullet.
The sling bullet closely misses the gnoll bouda.
The gnoll barely misses you. x2
The gnoll bouda barks out a call to the hunt!
The gnolls pick up the pace!
You shoot a sling bullet.
The sling bullet hits the gnoll bouda but does no damage.
The gnoll bouda is severely wounded.
The gnoll hits you but does no damage. The gnoll completely misses you.
The gnoll bouda hits you with a +0 whip.
You shoot a sling bullet. The sling bullet hits the gnoll bouda!
You kill the gnoll bouda!
The gnoll barely misses you. The gnoll hits you but does no damage.
You shoot a sling bullet.
The sling bullet hits the gnoll but does no damage.
The gnoll is no longer moving quickly.
The gnoll hits you but does no damage. x3
The gnoll closely misses you.
You shoot a sling bullet.
The sling bullet hits the gnoll but does no damage.
The gnoll hits you but does no damage. x2
You shoot a sling bullet.
The sling bullet completely misses the gnoll.
Your attacks no longer feel as feeble.
The gnoll closely misses you. x2
You shoot a sling bullet. The sling bullet hits the gnoll!
The gnoll is heavily wounded.
The gnoll hits you with a +0 flail of protection!
The gnoll hits you but does no damage.
You shoot a sling bullet. The sling bullet hits the gnoll.
The gnoll is severely wounded.
The gnoll barely misses you.
The gnoll hits you from afar with a +0 spear.
You die...

.........# ##...## #.#.#...#.#.
.#####.### ##....>###.#.#.###.#.
.#####.## ##.......##.#.........
........####....(....#.........##
####.......'.........'...........
##...####.........####...#####
##.## ##.......## ##.## #.#
##.....## #.# #.# ##)@g## ..# #.#
##'## .## #)# #g# #. #g# #.# ...
... ...


You could see 3 gnolls.

Vanquished Creatures
  Grinder (D:4)
  Sigmund (D:2)
  Menkaure (D:4)
  A gnoll bouda (D:5)
  Ijyb (D:3)
  Jessica (D:2)
  Robin (D:2)
  6 adders
  A shadow imp (D:5)
  An ufetubus (D:5)
  3 worms
  10 dart slugs (D:5)
  5 orcs
  3 ball pythons (D:2)
  6 bats
  5 endoplasms
  3 giant cockroaches
  12 goblins
  8 hobgoblins
  13 jackals
  4 quokkas
  8 frilled lizards
  A kobold (D:1)
  24 rats
120 creatures vanquished.

Notes
Turn   | Place    | Note
-------+----------+-------------------------------------------
     0 | D:1      | qw the Gargoyle Hexslinger began the quest for the Orb.
     0 | D:1      | Reached XP level 1. HP: 12/12 MP: 2/2
     0 | D:1      | 0 ||| qw: Version: 0.3-a-24-ga2abf7b
     0 | D:1      | 0 ||| qw: Game counter: 6765
     0 | D:1      | 0 ||| qw: Melee chars always use a shield: true
     0 | D:1      | 0 ||| qw: God list: Okawaru
     0 | D:1      | 0 ||| qw: Allow faded altars: false
     0 | D:1      | 0 ||| qw: Do Orc after clearing Dungeon:15 true
     0 | D:1      | 0 ||| qw: Do second Lair branch before Depths: true
     0 | D:1      | 0 ||| qw: Lair rune preference: random
     0 | D:1      | 0 ||| qw: Goals: Normal
     0 | D:1      | 0 ||| PLANNING D:1-11
   162 | D:1      | Reached XP level 2. HP: 16/16 MP: 3/3
   558 | D:1      | 558 ||| READING scroll labelled QUANEN APUKU.
   559 | D:1      | 559 ||| READING scroll labelled FOEPNUA ALLU.
   560 | D:1      | 560 ||| READING scroll labelled ZEOXEA NOGEYPH.
   565 | D:1      | 565 ||| DRINKING 2 bubbling coppery potions.
   566 | D:1      | 566 ||| DROPPING scroll of poison.
   614 | D:2      | Reached skill level 3 in Ranged Weapons
   623 | D:2      | Noticed Robin
   631 | D:2      | Killed Robin
   632 | D:2      | Reached XP level 3. HP: 21/21 MP: 4/4
   635 | D:2      | 635 ||| FLEEEEING.
   636 | D:2      | 636 ||| FLEEEEING.
   637 | D:2      | 637 ||| FLEEEEING.
   638 | D:2      | 638 ||| FLEEEEING.
   639 | D:2      | 639 ||| FLEEEEING.
   640 | D:2      | 640 ||| FLEEEEING.
   641 | D:2      | 641 ||| FLEEEEING.
   642 | D:2      | 642 ||| FLEEEEING.
   791 | D:2      | Noticed Jessica
   797 | D:2      | Killed Jessica
   798 | D:2      | Reached XP level 4. HP: 14/26 MP: 5/5
   916 | D:2      | Found a stormy altar of Qazlal.
   932 | D:2      | Reached skill level 4 in Ranged Weapons
  1033 | D:2      | Noticed Sigmund
  1044 | D:2      | Killed Sigmund
  1045 | D:2      | Reached skill level 5 in Ranged Weapons
  1045 | D:2      | Reached XP level 5. HP: 22/30 MP: 6/6
  1045 | D:2      | Reached XP level 6. HP: 26/35 MP: 7/7
  1551 | D:2      | 1551 ||| UPGRADING to +0 helmet.
  1556 | D:2      | 1556 ||| UPGRADING to +0 cloak.
  1561 | D:2      | 1561 ||| READING scroll labelled PAUSKOTANO.
  1562 | D:2      | 1562 ||| READING scroll labelled JITIUJ GUERCH.
  1563 | D:2      | 1563 ||| DRINKING 2 bubbling silvery potions.
  1597 | D:2      | 1597 ||| DROPPING potion of lignification.
  1663 | D:3      | Found an opulent altar of Gozag.
  1692 | D:3      | Noticed qw's ghost (amateur DEHu)
  1700 | D:3      | Identified the +6 mace of Exquisite Death {holy, rC+ rN+
                  | Int+2}
  1717 | D:3      | Reached skill level 3 in Fighting
  1804 | D:3      | 1804 ||| READING scroll of enchant armour.
  1804 | D:3      | 1804 ||| ENCHANTING +0 helmet.
  1808 | D:3      | Noticed Ijyb
  1832 | D:3      | Killed Ijyb
  1833 | D:3      | Reached skill level 6 in Ranged Weapons
  2108 | D:3      | Found a runed translucent door.
  2109 | D:3      | Noticed Crazy Yiuf
  2169 | D:3      | Found a transporter.
  2174 | D:3      | Noticed a small abomination
  2198 | D:3      | Found a transporter.
  2290 | D:3      | Reached skill level 1 in Armour
  2393 | D:3      | 2393 ||| UPGRADING to +0 ring mail.
  2403 | D:3      | 2403 ||| DROPPING +0 robe.
  2404 | D:3      | 2404 ||| UPGRADING to +2 pair of gloves.
  2409 | D:3      | 2409 ||| UPGRADING to ring of protection from cold.
  2410 | D:3      | 2410 ||| READING scroll labelled JURUPH JYQAOGG.
  2411 | D:3      | 2411 ||| READING scroll labelled INETSE YMYNK.
  2477 | D:4      | Found an ornate altar of the Wu Jian Council.
  2481 | D:4      | Noticed Grinder
  2484 | D:4      | 2484 ||| FLEEEEING.
  2485 | D:4      | 2485 ||| FLEEEEING.
  2486 | D:4      | 2486 ||| FLEEEEING.
  2489 | D:4      | 2489 ||| STAIRDANCE
  2551 | D:3      | 2551 ||| DRINKING 2 pink potions.
  2660 | D:3      | 2660 ||| DROPPING potion of berserk rage.
  2859 | D:4      | Paralysed by Grinder for 5 turns
  2870 | D:4      | Killed Grinder
  2871 | D:4      | Reached XP level 7. HP: 32/41 MP: 8/8
  2940 | D:4      | Noticed Menkaure
  2949 | D:4      | HP: 6/41 [Menkaure/nerve-wracking pain (6)]
  2950 | D:4      | 2950 ||| READING scroll of teleportation.
  2952 | D:4      | Killed Menkaure
  3231 | D:4      | Found a hazy altar of Hepliaklqana.
  3449 | D:4      | 3449 ||| UPGRADING to +6 ring of dexterity.
  3450 | D:4      | 3450 ||| READING scroll labelled KOGIMU WIETAMP.
  3551 | D:4      | 3551 ||| READING scroll labelled ITIWUKKAOPP.
  3559 | D:5      | Entered Level 5 of the Dungeon
  3566 | D:5      | 3566 ||| Stepping ~*~*~tactically~*~*~ (outnumbered).
  3567 | D:5      | 3567 ||| Stepping ~*~*~tactically~*~*~ (outnumbered).
  3591 | D:5      | 3591 ||| FLEEEEING.
  3592 | D:5      | 3592 ||| STAIRDANCE
  3768 | D:5      | HP: 8/43 [gnoll bouda/+0 whip (3)]
  3775 | D:5      | HP: 1/43 [gnoll/+0 flail of protection[a gnoll bouda] (7)]
  3776 | D:5      | Slain by a gnoll

Levels and vault maps discovered:
D:1:      shiori_shiawase, layout_basic
D:2:      minmay_diamond_boxcup, layout_loops_cross, basic_altar, uniq_robin,
          uniq_sigmund, uniq_jessica
D:3:      layout_rooms, mainiacjoe_overflow_24_doors,
          gammafunk_ghost_abyssal_escape, minmay_rat_hole,
          uniq_crazy_yiuf_cottage, uniq_ijyb
D:4:      layout_basic, mainiacjoe_overflow_tiny_flanked,
          mainiacjoe_overflow_alcove_1, minivault_19, uniq_menkaure,
          uniq_grinder
D:5:      kennysheep_slugbush, layout_loops_corners,
          mainiacjoe_overflow_alcove_4

Skill      XL: |  1  2  3  4  5  6  7 |
---------------+----------------------+-----
Ranged Weapons | 3 5 6 |  6.5
Fighting       | 2 3 4 |  4.3
Armour         | 4 |  4.1
Dodging        | |  1.5
Spellcasting   | |  1.0
Hexes          | |  2.6

Action                     |  1- 3 |  4- 6 |  7- 9 || total
---------------------------+-------+-------+-------++-------
   Fire: Sling             |   107 |   231 |   113 ||   451
    Use: Scroll            |     3 |     5 |     3 ||    11
         Potion            |     1 |     2 |       ||     3
 Armour: Robe              |    15 |    43 |       ||    58
         Ring mail         |       |    10 |    61 ||    71
  Dodge: Dodged            |    37 |    87 |    63 ||   187

Table legend:
 A = Non-vault XP
 B = Vault XP
 C = Vault XP percentage of total XP
 D = Non-vault monster count
 E = Vault monster count
 F = Vault count percentage of total count
                 A         B        C        D         E       F
            +---------+---------+-------+---------+---------+-------
      Total |     231 |     872 |  79.1 |      69 |      51 |  42.5
            +---------+---------+-------+---------+---------+-------
        D:1 |      18 |       0 |   0.0 |      13 |       0 |   0.0
        D:2 |      45 |     331 |  88.0 |      19 |      19 |  50.0
        D:3 |      40 |      58 |  59.2 |      20 |      20 |  50.0
        D:4 |      64 |     444 |  87.4 |      13 |       2 |  13.3
        D:5 |      64 |      39 |  37.9 |       4 |      10 |  71.4
            +---------+---------+-------+---------+---------+-------
